 Dungeon Crawl Stone Soup version 0.31-a0-202-g547052bce9 (webtiles) character file.

Game seed: 7578923052723252217

126 qw the Skirmisher (level 4, 0/25 HPs)
             Began as a Deep Elf Hunter on June 26, 2023.
             Slain by Eustachio
             ... wielding a +0 rapier
              (6 damage)
             ... on level 4 of the Dungeon.
             The game lasted 00:00:34 (1101 turns).

qw the Skirmisher (Deep Elf Hunter)                 Turns: 1101, Time: 00:00:34

Health: 0/25       AC:  3    Str: 12    XL:     4   Next: 84%
Magic:  6/6        EV: 12    Int: 13    God:
Gold:   140        SH:  0    Dex: 19    Spells: 3/3 levels left

rFire   + . .        Y - +0 shortbow
rCold   . . .        (shield currently unavailable)
rNeg    . . .        c - +0 leather armour
rPois   +            (no helmet)
rElec   +            (no cloak)
rCorr   .            (no gloves)
SInv    .            (no boots)
Will    .....        (no amulet)
Stlth   ++           (no ring)
HPRegen 0.24/turn    (no ring)
MPRegen 0.10/turn

%: no passive effects
@: no status effects
A: fire resistance 1, poison resistance, electricity resistance, strong 1
a: no special abilities


You were on level 4 of the Dungeon.
You visited 1 branch of the dungeon, and saw 3 of its levels.

You collected 140 gold pieces.


Innate Abilities, Weirdness & Mutations

Your flesh is heat resistant. (rF+)
Your system is resistant to poisons. (rPois)
You are resistant to electric shocks. (rElec)
Your muscles are strong. (Str +4, Int/Dex -1)


   Skills:
 - Level 1.5 Fighting
 - Level 8.2 Ranged Weapons
 + Level 2.4 Dodging
 - Level 1.2 Stealth


You had 3 spell levels left.
You didn't know any spells.
Your spell library was empty.

Inventory:

Hand Weapons
 Y - a +0 shortbow (weapon)
Armour
 c - a +0 leather armour (worn)
Scrolls
 a - 3 scrolls of identify
 b - a scroll of enchant weapon {unknown}
 g - a scroll of fog {unknown}
 i - a scroll of amnesia {unknown}
Potions
 d - a potion of mutation
 e - 2 potions of heal wounds {unknown}
 f - a potion of might
 h - a potion of degeneration {unknown}

Dungeon Overview and Level Annotations

Branches:
Dungeon (2/15)

Altars:
The Shining One

Annotations:
D:4 Eustachio


Message History

You shoot an arrow.
The arrow hits the white imp but does no damage.
The white imp is moderately wounded.
The white imp gestures at you. The puff of frost hits you!
You shoot an arrow.
The arrow hits the white imp but does no damage.
The white imp is moderately wounded.
You shoot an arrow.
The arrow hits the white imp but does no damage.
The white imp is moderately wounded.
You shoot an arrow. The arrow hits the white imp.
The white imp is severely wounded.
The white imp gestures at you. The puff of frost misses you.
You shoot an arrow. The arrow barely misses the white imp.
The arrow hits Eustachio.
Eustachio is lightly wounded.
The white imp gestures at you. The puff of frost hits you.
You shoot an arrow. The arrow barely misses the white imp.
The arrow barely misses Eustachio.
The arrow closely misses the white imp.
The white imp completely misses you.
You shoot an arrow. The arrow hits the white imp.
You kill the white imp!
The white imp disappears in a puff of smoke!
You shoot an arrow. The arrow closely misses Eustachio.
The arrow hits the white imp but does no damage.
Eustachio mumbles some strange words.
You shoot an arrow. The arrow barely misses Eustachio.
The arrow hits the white imp but does no damage.
The white imp disappears in a puff of smoke!
Eustachio barely misses you. The white imp puffs mist at you.
The white imp hits you. The white imp freezes you.
You shoot an arrow. The arrow closely misses Eustachio.
The arrow hits the white imp.
The white imp is lightly wounded.
Eustachio hits you with a +0 rapier.
You die...

...... ######
....5 ..¤.¤....
...@
#.~.~~~~¤.~.. .=.
##.~...¤...~.##..
#..~.~...~.¤....
#..¤.~._.~.~.#5#
##..~.~...~.~.#@#
#...¤.......~55@#
#...~.~~~~~.~.###
#...¤.......#
####...#.####
##.####.#.#.#
........#.#.#
#########.#.#
#.#.# ..#.#


You could see Eustachio and 3 white imps.

Vanquished Creatures
  A jelly (D:4)
  An orc priest (D:2)
  3 adders
  A dart slug (D:1)
  2 orcs (D:2)
  4 ball pythons
  3 giant cockroaches
  3 goblins (D:1)
  4 hobgoblins
  5 quokkas (D:1)
  5 bats
  2 frilled lizards (D:1)
  2 kobolds (D:2)
36 creatures vanquished.

Notes
Turn   | Place    | Note
-------+----------+-------------------------------------------
     0 | D:1      | qw the Deep Elf Hunter began the quest for the Orb.
     0 | D:1      | Reached XP level 1. HP: 12/12 MP: 3/3
     0 | D:1      | 0 ||| qw: Version: 0.3-a-22-g0ed2b0b
     0 | D:1      | 0 ||| qw: Game counter: 5754
     0 | D:1      | 0 ||| qw: Melee chars always use a shield: true
     0 | D:1      | 0 ||| qw: God list: Okawaru
     0 | D:1      | 0 ||| qw: Allow faded altars: false
     0 | D:1      | 0 ||| qw: Do Orc after clearing Dungeon:15 true
     0 | D:1      | 0 ||| qw: Do second Lair branch before Depths: true
     0 | D:1      | 0 ||| qw: Lair rune preference: random
     0 | D:1      | 0 ||| qw: Goals: Normal
     0 | D:1      | 0 ||| PLANNING D:1-11
   103 | D:1      | Reached XP level 2. HP: 16/16 MP: 4/4
   128 | D:1      | Reached skill level 6 in Ranged Weapons
   508 | D:1      | 508 ||| FLEEEEING.
   509 | D:1      | 509 ||| FLEEEEING.
   510 | D:1      | 510 ||| FLEEEEING.
   511 | D:1      | 511 ||| FLEEEEING.
   684 | D:1      | 684 ||| READING 2 scrolls labelled REQIETHR USAGGU.
   685 | D:1      | 685 ||| DRINKING 2 bubbling emerald potions.
   685 | D:1      | Gained mutation: You are resistant to electric shocks.
                  | (rElec) [potion of mutation]
   685 | D:1      | Gained mutation: Your system is resistant to poisons.
                  | (rPois) [potion of mutation]
   685 | D:1      | Gained mutation: Your flesh is heat resistant. (rF+)
                  | [potion of mutation]
   685 | D:1      | Gained mutation: Your muscles are strong. (Str +4, Int/Dex
                  | -1) [potion of mutation]
   686 | D:1      | 686 ||| DRINKING 2 glowing sapphire potions.
   687 | D:1      | 687 ||| DROPPING scroll of butterflies.
   732 | D:2      | Reached XP level 3. HP: 20/20 MP: 5/5
   735 | D:2      | 735 ||| STAIRDANCE
   810 | D:2      | Reached skill level 7 in Ranged Weapons
   810 | D:2      | Reached XP level 4. HP: 25/25 MP: 6/6
  1068 | D:2      | You fall into a shaft and drop 2 floors!
  1068 | D:4      | Found a glowing golden altar of the Shining One.
  1081 | D:4      | Reached skill level 8 in Ranged Weapons
  1085 | D:4      | Noticed Eustachio
  1089 | D:4      | 1089 ||| Stepping ~*~*~tactically~*~*~ (outnumbered).
  1100 | D:4      | HP: 6/25 [white imp[Eustachio] (3)]
  1101 | D:4      | Slain by Eustachio

Levels and vault maps discovered:
D:1:      shiori_arrival_elements, layout_basic, kennysheep_another_room,
          minmay_door_square, minmay_tromino_i2
D:2:      layout_rooms, kennysheep_potato
D:4:      layout_basic, mainiacjoe_overflow_cross_hatched,
          makhleb_altar_promises_db, uniq_eustachio

Skill      XL: |  1  2  3  4 |
---------------+-------------+-----
Ranged Weapons | 6 7 8 |  8.2
Fighting       | |  1.5
Dodging        | |  2.4
Stealth        | |  1.2

Action                     |  1- 3 |  4- 6 || total
---------------------------+-------+-------++-------
   Fire: Shortbow          |    81 |    48 ||   129
    Use: Potion            |     2 |       ||     2
         Scroll            |     1 |       ||     1
 Armour: Leather armour    |    12 |       ||    12
  Dodge: Dodged            |    17 |     9 ||    26

Table legend:
 A = Non-vault XP
 B = Vault XP
 C = Vault XP percentage of total XP
 D = Non-vault monster count
 E = Vault monster count
 F = Vault count percentage of total count
                 A         B        C        D         E       F
            +---------+---------+-------+---------+---------+-------
      Total |     178 |       3 |   1.7 |      34 |       2 |   5.6
            +---------+---------+-------+---------+---------+-------
        D:1 |      52 |       3 |   5.5 |      21 |       2 |   8.7
        D:2 |      84 |       0 |   0.0 |      12 |       0 |   0.0
        D:4 |      42 |       0 |   0.0 |       1 |       0 |   0.0
            +---------+---------+-------+---------+---------+-------
